 Dungeon Crawl Stone Soup version 0.27-a0-1049-g450f9b2e0d (webtiles) character file.

Game seed: 6094355521115978002

10 kae the Ruffian (level 2, -1/25 HPs)
             Began as a Naga Transmuter on Apr 20, 2021.
             Slain by a kobold
             ... wielding a +0 whip
              (3 damage)
             ... on level 1 of the Dungeon.
             The game lasted 00:00:43 (529 turns).

kae the Ruffian (Naga Transmuter)                    Turns: 529, Time: 00:00:43

Health: -1/25      AC:  1    Str: 12    XL:     2   Next: 20%
Magic:  4/5        EV:  9    Int: 13    God:
Gold:   12         SH:  0    Dex: 11    Spells: 4/5 levels left

rFire    . . .     SeeInvis +     - Unarmed
rCold    . . .     Faith    .   (no shield)
rNeg     . . .     Spirit   .   a - +0 robe
rPois    +         Reflect  .   (helmet currently unavailable)
rElec    .         Harm     .   (no cloak)
rCorr    .         Rampage  .   (no gloves)
Will     .....                  (no barding)
Stlth    +.........             (no amulet)
HPRegen  0.08/turn              (no ring)
MPRegen  0.09/turn              (no ring)

@: appendages (expiring), very slow
A: horns 2, AC +0, large, see invisible, deformed body, poison resistance,
slowness 2, spit poison 1, naga tail 1
a: Spit Poison, End Transformation


You were on level 1 of the Dungeon.
You had temporarily grown beastly horns.
You visited 1 branch of the dungeon, and saw 1 of its levels.

You collected 12 gold pieces.

Inventory:

Armour
 a - a +0 robe (worn)
Scrolls
 b - a scroll of enchant weapon {unknown}
 c - 2 scrolls of blinking {unknown}


   Skills:
 + Level 1.2 Fighting
 + Level 1.6 Dodging
 * Level 3.2 Unarmed Combat
 + Level 2.1 Spellcasting
 * Level 2.1 Transmutations


You had 4 spell levels left.
You knew the following spells:

 Your Spells              Type           Power      Damage    Failure   Level
a - Beastly Appendage     Tmut           14%        N/A       11%         1

Your spell library contained the following spells:

 Spells                   Type           Power      Damage    Failure   Level
 Wereblood                Tmut           7%         N/A       16%         2
 Spider Form              Tmut/Pois      2%         N/A       43%         3
 Ice Form                 Ice/Tmut       4%         N/A       85%         4
 Hydra Form               Tmut           3%         N/A       96%         5


Dungeon Overview and Level Annotations

Branches:
Dungeon (1/15)

Altars:


Innate Abilities, Weirdness & Mutations

You have temporarily grown beastly horns.
Your serpentine skin is tough. (AC +0)
You have supernaturally acute eyesight. (SInv)
Armour fits poorly on your strangely shaped body.
Your system is resistant to poisons. (rPois)
You cover ground very slowly.
You can spit poison.
You have a snake-like lower body.


Message History

You hit the rat but do no damage. The rat closely misses you.
There are monsters nearby!
You closely miss the rat. The rat bites you.
You barely miss the rat. The rat bites you.
There are monsters nearby!
Casting: Beastly Appendage (safe; 11% risk of failure)
Confirm with . or Enter, or press ? or * to list all spells.
You grow a pair of large bovine horns.
The rat bites you. The kobold hits you with a +0 club.
The rat bites you but does no damage. The kobold hits you with a +0 club.
There are monsters nearby!
You are too injured to fight recklessly!
You are too injured to fight recklessly!
You are too injured to fight recklessly!
You are too injured to fight recklessly!
You are too injured to fight recklessly!
You are too injured to fight recklessly!
You completely miss the rat. The rat barely misses you.
The kobold closely misses you.
You closely miss the rat. You headbutt the rat.
You kill the rat!
The kobold throws a stone.
The stone hits you. The kobold hits you with a +0 club.
The kobold shouts!
The kobold closely misses you.
The kobold throws a stone.
The stone barely misses you.
You hit the kobold. You headbutt the kobold.
You kill the kobold!
The kobold hits you with a +0 dagger.
* * * LOW HITPOINT WARNING * * *
The kobold barely misses you.
You see here a +0 club.
You closely miss the kobold. The kobold hits you with a +0 dagger.
* * * LOW HITPOINT WARNING * * *
You hit the kobold.
You kill the kobold!
Your transformation is almost over.
You miss the kobold. Your headbutt misses the kobold.
The kobold hits you with a +0 whip.
You die...

... ##### ...
...# ... .8.#
#.. ...###
##.###....#
..#...#.....#
8...8.K.8...#
..#...#@...##
##. ##.#.#
#...#....#
...8...8†.#
...........#
...###.###.#
#
#.....######
#####......#
######.#


You could see a kobold.

Vanquished Creatures
  A ball python (D:1)
  3 giant cockroaches (D:1)
  A hobgoblin (D:1)
  2 bats (D:1)
  2 kobolds (D:1)
  A rat (D:1)
10 creatures vanquished.

Notes
Turn   | Place    | Note
-------+----------+-------------------------------------------
     0 | D:1      | kae the Naga Transmuter began the quest for the Orb.
     0 | D:1      | Reached XP level 1. HP: 18/18 MP: 3/3
   212 | D:1      | Reached XP level 2. HP: 6/25 MP: 5/5
   529 | D:1      | Slain by a kobold

Illustrated notes

Levels and vault maps discovered:
D:1:      dpeg_arrival_pond, layout_loops_ring, minmay_misc_feat_four_crosses

Action                   || total
-------------------------++-------
Melee: Unarmed           ||    33
       Headbutt          ||     7
 Cast: Beastly Appendage ||     4
 Abil: Spit Poison       ||     2
Armor: Robe              ||     4
Dodge: Dodged            ||    29

Table legend: (Time is in decaauts)
 A = Elapsed time spent in this place.
 B = Non-inter-level travel time spent in this place.
 C = Inter-level travel time spent in this place.
 D = Time resting spent in this place.
 E = Time spent auto-exploring this place.
 F = Levels seen in this place.
 G = Mean time per level.
                   A        B        C        D        E       F      G
               +--------+--------+--------+--------+--------+-----+--------+
         Total |    554 |    554 |      0 |      0 |    488 |   1 |  554.0 |
       Dungeon |    554 |    554 |      0 |      0 |    488 |   1 |  554.0 |
               +--------+--------+--------+--------+--------+-----+--------+

Top non-repeatable levels by time:
     D:1: 554 daAuts
